 Dungeon Crawl Stone Soup version 0.30-a0-723-gc1506a1cf0 (webtiles) character file.

Game seed: 10766200677621347492

1231 avis the Shooter (level 8, -10/66 HPs)
             Began as a Demigod Hunter on Jan 29, 2023.
             Killed from afar by a steam dragon (26 damage)
             ... with a ball of steam
             ... on level 6 of the Dungeon.
             The game lasted 00:30:42 (5245 turns).

avis the Shooter (Demigod Hunter)                   Turns: 5245, Time: 00:30:42

Health: -10/66     AC:  7    Str: 12    XL:     8   Next: 3%
Magic:  12/12      EV: 16    Int: 11    God:
Gold:   241        SH:  0    Dex: 25    Spells: 4/9 levels left

rFire   . . .      SeeInvis .    b - +0 great sword
rCold   . . .      Faith    .    (shield currently unavailable)
rNeg    + . .      Spirit   .    c - +0 leather armour
rPois   .          Reflect  .    k - +0 helmet
rElec   .          Harm     .    (no cloak)
rCorr   .          Rampage  .    (no gloves)
Will    .....                    F - +2 pair of boots
Stlth   +++                      (no amulet)
HPRegen 0.31/turn                r - ring of wizardry
MPRegen 0.13/turn                H - ring of positive energy

@: no status effects
A: high MP 1, forlorn, divine attributes
a: no special abilities


You were on level 6 of the Dungeon.
You visited 1 branch of the dungeon, and saw 6 of its levels.
You also visited: Sewer.

You collected 241 gold pieces.

Inventory:

Hand Weapons
 a - a +0 shortbow
 b - a +0 great sword (weapon)
 A - a +0 rapier
 E - a +0 long sword
 M - a +0 dagger of draining
Missiles
 C - 5 poisoned darts (quivered)
 O - 5 atropa-tipped darts
Armour
 c - a +0 leather armour (worn)
 g - a +0 buckler
 k - a +0 helmet (worn)
 F - a +2 pair of boots (worn)
Jewellery
 r - a ring of wizardry (left hand)
 z - a ring of wizardry
 H - a ring of positive energy (right hand)
 I - a ring of protection from fire
 N - the amulet "Ozij" {RegenMP rPois}
   (You found it on level 5 of the Dungeon)

   [amulet of magic regeneration]

   It increases your rate of magic regeneration.
   rPois:     It protects you from poison.
Wands
 G - a wand of paralysis (7)
 P - a wand of flame (10)
Scrolls
 i - 3 scrolls of teleportation {unknown}
 j - a scroll of fog {unknown}
 l - a scroll of noise {unknown}
 m - 4 scrolls of immolation
 o - a scroll of vulnerability {unknown}
 p - 3 scrolls of enchant weapon {unknown}
 q - 2 scrolls of fear {unknown}
 u - 3 scrolls of summoning {unknown}
 v - a scroll of blinking {unknown}
 x - 2 scrolls of enchant armour {unknown}
 y - a scroll of silence {unknown}
 B - 2 scrolls of poison {unknown}
 J - a scroll of acquirement {unknown}
 L - a scroll of amnesia {unknown}
Potions
 d - a potion of degeneration {unknown}
 e - a potion of resistance {unknown}
 f - 3 potions of ambrosia
 h - 2 potions of curing
 n - 2 potions of haste {unknown}
 s - 2 potions of cancellation {unknown}
 t - a potion of attraction {unknown}
 w - 2 potions of invisibility {unknown}
 D - 3 potions of flight {unknown}
 K - a potion of heal wounds {unknown}


   Skills:
 - Level 4.0 Fighting
 * Level 6.3 Ranged Weapons
 - Level 6.0 Dodging
 - Level 3.0 Stealth
 - Level 1.0 Spellcasting


You had 4 spell levels left.
You knew the following spells:

 Your Spells              Type           Power      Damage    Failure   Level
c - Call Imp              Summ           0%         N/A       24%         2
m - Mephitic Cloud        Conj/Pois/Air  0%         N/A       43%         3

Your spell library contained the following spells:

 Spells                   Type           Power      Damage    Failure   Level
 Magic Dart               Conj           0%         1d3       16%         1
 Scorch                   Fire           0%         2d5       24%         2
 Animate Dead             Necr           0%         N/A       82%         4
 Flame Wave               Conj/Fire      0%         2d4       82%         4
 Summon Cactus Giant      Summ           0%         N/A       100%        6
 Haunt                    Necr/Summ      0%         N/A       100%        7
 Infestation              Necr           0%         N/A       100%        8


Dungeon Overview and Level Annotations

Branches:
Dungeon (6/15)              Sewer (visited)
 Temple: D:4-7


Innate Abilities, Weirdness & Mutations

You have an increased reservoir of magic. (+10% MP)
You shall have no god before yourself.
Your divine heritage dramatically boosts your attributes as you level up.


Message History

Press: ? - help, Q - select action, (/) - cycle Shift-Dir - straight line, f/p - steam dragon
Aim: a steam dragon (lightly wounded, 69% to hit)
You shoot an arrow.
The arrow hits the steam dragon but does no damage.
The steam dragon is lightly wounded.
The steam dragon breathes steam at you. The ball of steam misses you.
The steam dragon barely misses you. x2
b - a +0 great sword (weapon)
The steam dragon closely misses you. The steam dragon barely misses you.
The steam dragon closely misses you. The steam dragon completely misses you.
You hit the steam dragon.
The steam dragon is lightly wounded.
You are engulfed in a cloud of scalding steam.
The steam dragon closely misses you. x2
You slash the steam dragon!
The steam dragon is severely wounded.
The steam dragon closely misses you. The steam dragon claws you.
The steam dragon bites you! The steam dragon misses you.
You hit the steam dragon but do no damage.
The steam dragon is severely wounded.
The steam dragon barely misses you. The steam dragon closely misses you.
The steam dragon breathes steam at you. The ball of steam hits you!!
The steam dragon bites you!
* * * LOW HITPOINT WARNING * * *
The steam dragon closely misses you.
You barely miss the steam dragon.
The steam dragon is severely wounded.
The steam dragon completely misses you.
The steam dragon claws you but does no damage.
The steam dragon breathes steam at you. The ball of steam hits you.
* * * LOW HITPOINT WARNING * * *
The steam dragon barely misses you. x2
You slash the steam dragon!
The steam dragon is almost dead.
The steam dragon breathes steam at you. The ball of steam hits you!!
You die...

..........#
!..##.....# ...
#....######
...#####)##...##
.......).).....#
...............#
######..........#
... #....##...##
....##..@.# ...#
........D.# ....
.........ยง# ....
........<.+ ...
..........#
###########


You could see a steam dragon (catching breath).

Vanquished Creatures
  Pargi (Sewer)
  A water moccasin (D:4)
  An ice beast (D:5)
  An ogre (D:4)
  A phantom (D:5)
  A bullfrog (D:5)
  A necrophage (D:5)
  A scorpion (D:4)
  2 hounds (D:4)
  2 jellies
  2 orc wizards (D:5)
  Natasha (thrice) (D:2)
  2 iguanas
  Robin (D:1)
  3 gnolls (D:6)
  12 adders
  4 river rats (D:3)
  A shadow imp (D:4)
  A white imp (D:6)
  3 worms (D:3)
  A dart slug (D:1)
  2 orcs
  12 ball pythons
  4 endoplasms
  3 giant cockroaches
  16 goblins
  11 hobgoblins
  3 jackals (D:1)
  5 quokkas
  7 bats
  6 frilled lizards
  10 kobolds
  6 rats
130 creatures vanquished.

Notes
Turn   | Place    | Note
-------+----------+-------------------------------------------
     0 | D:1      | avis the Demigod Hunter began the quest for the Orb.
     0 | D:1      | Reached XP level 1. HP: 17/17 MP: 3/3
   303 | D:1      | Reached XP level 2. HP: 24/24 MP: 4/4
   927 | D:2      | Noticed Robin
   935 | D:1      | Reached XP level 3. HP: 14/29 MP: 5/5
  1040 | D:1      | Reached skill level 1 in Stealth
  1108 | D:1      | Killed Robin
  1498 | D:2      | Reached XP level 4. HP: 36/36 MP: 6/6
  1662 | D:2      | Noticed Natasha
  1665 | D:2      | Killed Natasha
  1718 | D:2      | Noticed Natasha
  1742 | D:2      | Killed Natasha
  2069 | D:3      | Reached XP level 5. HP: 40/45 MP: 7/7
  2119 | D:2      | Noticed Natasha
  2129 | D:2      | Killed Natasha
  2225 | D:3      | Reached skill level 5 in Ranged Weapons
  2283 | D:3      | Found a glowing drain.
  2290 | Sewer    | Entered a sewer
  2411 | Sewer    | Noticed Pargi
  2429 | Sewer    | Killed Pargi
  2430 | Sewer    | Reached XP level 6. HP: 26/51 MP: 8/8
  3249 | D:4      | Noticed a water moccasin
  3257 | D:4      | Killed a water moccasin
  3355 | D:4      | Reached XP level 7. HP: 57/57 MP: 9/9
  3477 | D:4      | Reached skill level 5 in Dodging
  3806 | D:4      | Learned a level 2 spell: Call Imp
  3810 | D:4      | Learned a level 3 spell: Mephitic Cloud
  4158 | D:5      | Entered Level 5 of the Dungeon
  4571 | D:5      | Reached skill level 1 in Spellcasting
  4738 | D:5      | Identified the amulet "Ozij" {RegenMP rPois}
  5073 | D:6      | Reached XP level 8. HP: 58/66 MP: 12/12
  5245 | D:6      | Killed from afar by a steam dragon

Illustrated notes

Levels and vault maps discovered:
D:1:      amcnicky_arrival_wind_blow, layout_loops_ring, minmay_tromino_v7
D:2:      layout_rooms, basic_altar, minmay_misc_feat_four_crosses,
          chequers_serial_rivers_small_a, minmay_fractal_squares_5,
          uniq_natasha, uniq_robin
D:3:      layout_basic, mainiacjoe_overflow_cross_hatched,
          general_overflow_altar, mainiacjoe_overflow_boulevard, fedhas_altar_1,
          nicolae_ecumenical_snake_handling, lightli_sewer_entry_pipes
D:4:      layout_loops_ring, st_stairs_2
D:5:      layout_gridville, mainiacjoe_overflow_alcove_2,
          nicolae_sif_muna_condensation, kennysheep_generic_room_12
D:6:      layout_gridville, uniq_blork_the_orc, uniq_crazy_yiuf_cottage

Skill      XL: |  1  2  3  4  5  6  7 |
---------------+----------------------+-----
Fighting       | 2 3 4 |  4.0
Ranged Weapons | 4 5 6 |  6.3
Dodging        | 2 3 4 6 |  6.0
Stealth        | 2 3 |  3.0
Spellcasting   | 1 |  1.0

Action                     |  1- 3 |  4- 6 |  7- 9 || total
---------------------------+-------+-------+-------++-------
  Melee: Great sword       |       |    13 |    59 ||    72
   Fire: Shortbow          |   125 |   181 |    53 ||   359
  Throw: Dart              |       |       |     4 ||     4
    Use: Scroll            |       |     2 |       ||     2
         Potion            |       |       |     1 ||     1
   Stab: Sleeping          |       |       |     1 ||     1
 Armour: Leather armour    |    27 |    42 |    24 ||    93
  Dodge: Dodged            |    74 |   109 |    72 ||   255

Table legend: (Time is in decaauts)
 A = Elapsed time spent in this place.
 B = Non-inter-level travel time spent in this place.
 C = Inter-level travel time spent in this place.
 D = Time resting spent in this place.
 E = Time spent auto-exploring this place.
 F = Levels seen in this place.
 G = Mean time per level.
                   A        B        C        D        E       F      G
               +--------+--------+--------+--------+--------+-----+--------+
         Total |   5495 |   4989 |    506 |   1175 |   2218 |   7 |  785.0 |
       Dungeon |   5143 |   4637 |    506 |   1014 |   2218 |   6 |  857.2 |
         Sewer |    351 |    351 |      0 |    161 |      0 |   1 |  351.0 |
               +--------+--------+--------+--------+--------+-----+--------+

Top non-repeatable levels by time:
     D:1: 1319 daAuts
     D:4: 1218 daAuts
     D:5: 868 daAuts
     D:3: 866 daAuts
     D:2: 790 daAuts
   Sewer: 351 daAuts
     D:6: 80 daAuts
